 Dungeon Crawl Stone Soup version 0.31-a0-868-g674d60d6f7 (webtiles) character file.

Game seed: 9953931317476979799

1073 Getoffmy the Frost Mage (level 8, -26/57 HPs)
             Began as a Yellow Draconian Ice Elementalist on Oct 11, 2023.
             Annihilated by an ogre
             ... wielding a +0 giant spiked club
              (55 damage)
             ... on level 5 of the Dungeon on Oct 12, 2023.
             The game lasted 00:16:22 (5316 turns).

Getoffmy the Frost Mage (DrIE)                      Turns: 5316, Time: 00:16:22

Health: -26/57     AC: 12    Str: 11    XL:     8   Next: 7%
Magic:  14/15      EV:  2    Int: 18    God:
Gold:   301        SH:  0    Dex: 11    Spells: 5/16 levels left

rFire   . . .        r - +1 spear (venom)
rCold   . . .        B - orb {*channel}
rNeg    . . .        (body armour unavailable)
rPois   .            (helmet restricted)
rElec   .            q - +1 cloak
rCorr   +            x - +2 pair of gloves
SInv    .            v - +0 pair of boots
Will    .....        h - amulet of magic regeneration
Stlth   ++           (no ring)
HPRegen 0.29/turn    (no ring)
MPRegen 0.54/turn

%: channel magic (20%)
@: sleeping, freezing walls
A: spit acid, AC +6, unfitting armour, cold-blooded, acid resistance
a: Breathe Acid


You were on level 5 of the Dungeon.
You visited 2 branches of the dungeon, and saw 7 of its levels.
You also visited: Sewer.

You collected 301 gold pieces.

Inventory:

Hand Weapons
 r - a +1 spear of venom (weapon)
 w - a +2 trident of draining
Missiles
 b - 38 stones
 i - 6 boomerangs
 u - 9 poisoned darts
 z - 3 javelins
Armour
 o - a +0 buckler
 q - a +1 cloak (worn)
 v - a +0 pair of boots (worn)
 x - a +2 pair of gloves (worn)
 B - an orb of energy (worn)
Magical Staves
 k - a staff of fire
 p - a staff of conjuration
Jewellery
 h - an amulet of magic regeneration (around neck)
Wands
 j - a wand of digging (3)
Scrolls
 c - a scroll of identify
 f - a scroll of fog
 g - a scroll of noise
 l - a scroll of enchant weapon
 m - a scroll of fear
 n - a scroll of amnesia
 y - 2 scrolls of immolation
Potions
 a - a potion of magic
 d - a potion of enlightenment
 e - a potion of brilliance {unknown}
 s - 2 potions of mutation
 t - a potion of cancellation
 A - a potion of heal wounds
 C - a potion of attraction {unknown}


   Skills:
 - Level 1.7 Dodging
 - Level 1.7 Stealth
 + Level 4.9 Spellcasting
 + Level 3.3 Summonings
 * Level 8.2 Ice Magic


You had 5 spell levels left.
You knew the following spells:

 Your Spells              Type           Power      Damage    Failure   Level
a - Freeze                Ice            100%       1d10      3%          1
b - Frozen Ramparts       Ice            68%        1d11      6%          3
c - Ozocubu's Armour      Ice            34%        N/A       6%          3
d - Summon Ice Beast      Ice/Summ       25%        N/A       28%         4

Your spell library contained the following spells:

 Spells                   Type           Power      Damage    Failure   Level
 Sublimation of Blood     Necr           4%         N/A       41%         2
 Tukima's Dance           Hex            4%         N/A       61%         3
 Dimensional Bullseye     Hex/Tloc       2%         N/A       92%         4
 Iskenderun's Mystic Bla  Conj/Tloc      4%         2d3       92%         4
 Petrify                  Tmut/Erth      4%         N/A       92%         4
 Irradiate                Conj/Tmut      2%         3d12      99%         5


Dungeon Overview and Level Annotations

Branches:
Dungeon (6/15)             Temple (1/1) D:6           Sewer (visited)

Altars:
Ashenzari
Elyvilon
Fedhas
Gozag
Kikubaaqudgha
Okawaru
Qazlal
Ru
Sif Muna
Trog
Uskayaw
Wu Jian
Yredelemnul

Shops:
D:4 [

Annotations:
D:2 Sigmund


Innate Abilities, Weirdness & Mutations

You can spit globs of acid.
Your golden yellow scales are hard. (AC +6)
You cannot fit into any form of body armour.
You are cold-blooded and may be slowed by cold attacks.
You are resistant to acid. (rCorr)


Message History

Casting: Freeze (safe; 3% risk of failure)
Confirm with . or Enter, or press ? or * to list all spells.
Casting: Frozen Ramparts (dangerous; 6% risk of failure)
Press: ? - help, Dir - look around, f - activate A stone staircase leading down.
The walls around you are covered in ice.
Magical energy flows into your mind!
The wall freezes the sleepcap but does no damage.
The sleepcap closely misses you.
Casting: Frozen Ramparts (dangerous; 6% risk of failure)
Confirm with . or Enter, or press ? or * to list all spells.
Aiming: Freeze (safe; 3% risk of failure)
Press: ? - help, Shift-Dir - straight line, f - sleepcap
Aim: a sleepcap You freeze the sleepcap!
The sleepcap is moderately damaged.
The wall freezes the sleepcap.
The sleepcap misses you.
Unknown command.
Casting: Freeze (safe; 3% risk of failure)
Confirm with . or Enter, or press ? or * to list all spells.
Aiming: Freeze (safe; 3% risk of failure)
Press: ? - help, Shift-Dir - straight line, f/p - sleepcap
Aim: a sleepcap (heavily damaged)
You freeze the sleepcap.
The sleepcap is heavily damaged.
The wall freezes the sleepcap.
The sleepcap releases spores at you.
Unknown command.
Casting: Freeze (safe; 3% risk of failure)
Confirm with . or Enter, or press ? or * to list all spells.
Aiming: Freeze (safe; 3% risk of failure)
Press: ? - help, Shift-Dir - straight line, f/p - sleepcap
Aim: a sleepcap (heavily damaged)
You freeze the sleepcap.
The sleepcap is heavily damaged.
The wall freezes the sleepcap.
The sleepcap releases spores at you.
You are engulfed in a cloud of soporific spores!
You fall asleep.
The ogre hits you with a +0 giant spiked club!!!
Ouch! That really hurt!
You die...

******,* *,,.........Y
*.## *,,.......#.. *..#
*,,......#...
*#.####,^..........
#....#........#.#.
#......,......#.#.
#....#.......,#.#.
#.O.........,,....
#@...#,,,...,...#.
******#f...#,,,,,,......
*,,,,,.........***###.#.
*,,,,......####* #.##
*,,,.........** *,*
*,,......<.#..* *,*
*,..........#.#******,*
*...........#..,,,,,,,*
*,,,,,,,,,,,*********,*


You could see an ogre and a sleepcap.

Vanquished Creatures
  Jeremiah (D:6)
  Grinder (D:5)
  An ice beast (D:6)
  3 scorpions
  Crazy Yiuf (D:2)
  2 iguanas
  A sleepcap (D:4)
  A hell rat (Sewer)
  3 gnolls (D:5)
  7 adders
  2 river rats (Sewer)
  2 worms
  5 dart slugs
  5 orcs
  7 ball pythons
  4 bats
  6 endoplasms
  17 giant cockroaches
  5 goblins
  5 hobgoblins
  7 jackals
  5 quokkas
  5 frilled lizards
  5 kobolds
  6 rats
107 creatures vanquished.

Notes
Turn   | Place    | Note
-------+----------+-------------------------------------------
     0 | D:1      | Getoffmy the Draconian Ice Elementalist began the quest for
                  | the Orb.
     0 | D:1      | Reached XP level 1. HP: 14/14 MP: 3/3
   380 | D:1      | Reached XP level 2. HP: 20/20 MP: 5/5
  1041 | D:2      | Reached XP level 3. HP: 26/26 MP: 6/6
  1050 | D:2      | Found a runed translucent door.
  1051 | D:2      | Noticed Crazy Yiuf
  1327 | D:2      | Learned a level 3 spell: Frozen Ramparts
  1331 | D:2      | Learned a level 3 spell: Ozocubu's Armour
  1500 | D:2      | Reached skill level 5 in Ice Magic
  1749 | D:2      | Noticed Sigmund
  1998 | D:2      | Killed Crazy Yiuf
  1999 | D:2      | Reached XP level 4. HP: 6/33 MP: 5/8
  3238 | D:4      | Reached XP level 5. HP: 26/38 MP: 4/9
  3349 | D:4      | Found a sacrificial altar of Ru.
  3477 | D:4      | Reached skill level 6 in Ice Magic
  3557 | D:4      | Learned a level 4 spell: Summon Ice Beast
  3733 | D:4      | Found Umyr Xeqe's Armour Emporium.
  4121 | D:5      | Entered Level 5 of the Dungeon
  4139 | D:5      | Reached skill level 1 in Summonings
  4139 | D:5      | Reached XP level 6. HP: 37/45 MP: 4/11
  4164 | D:5      | Noticed Grinder
  4172 | D:5      | Found a glowing drain.
  4188 | D:5      | Paralysed by Grinder for 2 turns
  4259 | D:5      | Paralysed by Grinder for 4 turns
  4273 | D:5      | Paralysed by Grinder for 4 turns
  4280 | D:5      | Paralysed by Grinder for 4 turns
  4317 | D:5      | Paralysed by Grinder for 3 turns
  4338 | D:5      | Paralysed by Grinder for 2 turns
  4354 | D:5      | Killed Grinder
  4355 | D:5      | Reached skill level 7 in Ice Magic
  4355 | D:5      | Your scales start taking on a golden yellow colour.
  4355 | D:5      | Reached XP level 7. HP: 18/50 MP: 10/13
  4355 | D:5      | Gained mutation: You are resistant to acid. (rCorr) [Yellow
                  | Draconian growth]
  4393 | Sewer    | Entered a sewer
  5067 | D:6      | Noticed Jeremiah
  5131 | D:6      | Killed Jeremiah
  5132 | D:6      | Reached skill level 8 in Ice Magic
  5208 | D:6      | Found a staircase to the Ecumenical Temple.
  5231 | Temple   | Entered the Ecumenical Temple
  5299 | D:6      | Reached XP level 8. HP: 31/57 MP: 15/15
  5316 | D:5      | Annihilated by an ogre

Illustrated notes

Levels and vault maps discovered:
D:1:      onia_arrival_pentagram, layout_basic, nicolae_twisty_statue_hallways
D:2:      layout_loops_corners, uniq_crazy_yiuf_cottage, uniq_sigmund
D:3:      minmay_roachtagon, layout_basic
D:4:      layout_loops_ring, nicolae_ru_sacrificial_ziggurat, serial_shops,
          nicolae_shop_window_shopping, kennysheep_opposing_triangles
D:5:      layout_rooms, grunt_dithmenos_shadows, gup_sewer_entry_glass,
          small_statue_intersection, st_stairs_1, uniq_grinder
D:6:      layout_basic, vehumet_altar_wand_db, kennysheep_slug_shrine,
          temple_pool_b, corexii_shack, grunt_potential, uniq_jeremiah
Temple:   nicolae_temple_x_marks_the_god

Skill      XL: |  1  2  3  4  5  6  7 |
---------------+----------------------+-----
Ice Magic      | 5 6 7 8 |  8.2
Spellcasting   | 3 4 |  4.9
Summonings     | 1 2 3 |  3.3
Dodging        | |  1.7
Stealth        | |  1.7

Action                     |  1- 3 |  4- 6 |  7- 9 || total
---------------------------+-------+-------+-------++-------
  Melee: Whip              |    38 |    40 |    17 ||    95
         Tailslap          |     3 |     5 |     7 ||    15
         Punch             |       |     1 |     1 ||     2
         Spear             |       |       |    11 ||    11
   Cast: Freeze            |    47 |    40 |    24 ||   111
         Frozen Ramparts   |     1 |    18 |     9 ||    28
         Ozocubu's Armour  |       |     7 |     6 ||    13
  Evoke: Wand              |       |       |     1 ||     1
    Use: Scroll            |       |    15 |     3 ||    18
         Potion            |       |     3 |       ||     3
   Stab: Sleeping          |     2 |       |     1 ||     3
 Armour: Skin              |    29 |    70 |    40 ||   139
  Dodge: Dodged            |    35 |    45 |    31 ||   111

Table legend: (Time is in decaauts)
 A = Elapsed time spent in this place.
 B = Non-inter-level travel time spent in this place.
 C = Inter-level travel time spent in this place.
 D = Time resting spent in this place.
 E = Time spent auto-exploring this place.
 F = Levels seen in this place.
 G = Mean time per level.
                   A        B        C        D        E       F      G
               +--------+--------+--------+--------+--------+-----+--------+
         Total |   5344 |   4979 |    365 |   1018 |   2856 |   8 |  668.0 |
       Dungeon |   5062 |   4697 |    365 |    883 |   2808 |   6 |  843.7 |
        Temple |      1 |      1 |      0 |      0 |      0 |   1 |    1.0 |
         Sewer |    280 |    280 |      0 |    135 |     48 |   1 |  280.0 |
               +--------+--------+--------+--------+--------+-----+--------+

Top non-repeatable levels by time:
     D:2: 1328 daAuts
     D:4: 1168 daAuts
     D:1: 969 daAuts
     D:3: 691 daAuts
     D:5: 633 daAuts
   Sewer: 280 daAuts
     D:6: 270 daAuts
  Temple: 1 daAuts
